AoeStats
← Ohh Madison :P

Arena

509454199Analyzed
4v4 RM · 5d ago on Sep 26, 2026· 32m 7s· 8 players
Game mode
Random Map
Map size
Large (8 player)
Population
200
Speed
Normal
Resources
Standard
Victory
Conquest
Starting age
Dark Age
Ending age
Imperial Age
RankedLock teamsTeams togetherTeam positionsShared explorationLock speedFull tech treeHidden civsTurbo modeCheats
Victory
Defeat
🇬🇧 Danes · United Kingdom
1176
+12
🇨🇴 Persians · Colombia
1142
+13
🇬🇷 Khmer · Greece
1120
+14
🇧🇷 Teutons · Brazil
1097
+15
🇩🇪 Armenians · Germany
1155
-16
🇩🇪 Bohemians · Germany
1131
-15
🇩🇪 Varangians · Germany
1098
-14
🇩🇪 Magyars · Germany
953
-9
archaicwarfare.com
10:46 Feudal Age
14:33 Castle Age
12:44 Double-Bit Axe
13:17 Horse Collar
13:47 Loom
20:01 Bow Saw
21:35 Wheelbarrow
21:54 Wheelbarrow
26:52 Imperial Age
25:09 Gold Mining
26:00 Bloodlines
25:51 Husbandry
26:23 Scale Barding Armor
26:04 Light Cavalry
27:30 Heavy Plow
28:07 Conscription
28:22 Forging
28:53 Chain Barding Armor
30:25 Iron Casting
29:41 Fletching
30:49 Plate Barding Armor
31:27 Hussar
PatCrespo
10:26 Feudal Age
14:13 Castle Age
12:11 Double-Bit Axe
13:00 Horse Collar
14:41 Loom
19:51 Scale Mail Armor
20:02 Forging
21:45 Chain Mail Armor
25:38 Iron Casting
29:07 Imperial Age
28:26 Iron Casting
ALEJO7918
10:12 Feudal Age
13:48 Castle Age
12:26 Double-Bit Axe
12:24 Horse Collar
14:40 Bow Saw
16:32 Bow Saw
18:05 Forging
20:27 Loom
23:02 Bloodlines
23:08 Gold Mining
25:17 Wheelbarrow
25:10 Town Watch
25:20 Stone Mining
26:06 Gold Shaft Mining
26:14 Husbandry
26:23 Scale Barding Armor
30:36 Imperial Age
28:22 Hand Cart
28:47 Iron Casting
28:50 Chain Barding Armor
28:37 Heavy Plow
28:55 Fletching
31:35 Plate Barding Armor
30:37 Cavalier
33:18 Blast Furnace
S.O.A.D_BR
7:36 Loom
12:30 Feudal Age
13:55 Double-Bit Axe
13:52 Horse Collar
16:48 Castle Age
19:37 Bow Saw
22:27 Heavy Plow
24:59 Stone Mining
26:01 Gold Mining
27:31 Stone Shaft Mining
30:33 Imperial Age
28:21 Scale Barding Armor
29:50 Chain Barding Armor
29:44 Forging
30:06 Bloodlines
30:46 Wheelbarrow
31:31 Iron Casting
30:37 Cavalier
32:24 Conscription
32:49 Plate Barding Armor
33:19 Blast Furnace
Philister
2:43 Loom
13:01 Feudal Age
20:53 Castle Age
19:20 Horse Collar
19:29 Double-Bit Axe
20:07 Gold Mining
21:13 Fletching
23:04 Crossbowman
24:59 Bodkin Arrow
25:32 Padded Archer Armor
27:03 Wheelbarrow
27:29 Leather Archer Armor
28:07 Heavy Plow
29:18 Thumb Ring
31:20 Ballistics
31:15 Pikeman
32:00 Scale Mail Armor
32:10 Scale Barding Armor
Kampfschafadmiral
10:50 Feudal Age
15:17 Castle Age
13:42 Double-Bit Axe
13:40 Horse Collar
16:30 Bow Saw
17:40 Heavy Plow
34:23 Imperial Age
DS
11:11 Feudal Age
15:40 Castle Age
13:45 Double-Bit Axe
13:41 Horse Collar
21:32 Heavy Plow
22:14 Fletching
24:20 Ballistics
24:20 Bodkin Arrow
26:20 Padded Archer Armor
28:22 Leather Archer Armor
33:07 Imperial Age
32:00 Forging
31:50 Scale Mail Armor
32:41 Wheelbarrow
31:51 Loom
Ohh Madison :P
10:24 Feudal Age
14:57 Castle Age
13:54 Double-Bit Axe
13:53 Horse Collar
16:00 Loom
17:23 Bow Saw
18:59 Wheelbarrow
22:25 Heavy Plow
23:41 Hand Cart
24:01 Gold Mining
24:06 Stone Mining
31:09 Imperial Age
30:27 Scale Barding Armor
31:25 Forging
Connection lost

Rejoining the realm…

Still unreachable

The connection could not be restored.

Session expired

The server has moved on; the page needs a fresh start.